AoeStats
← reemsauce

Coastal Forest

510632772Analyzed
2v2 RM · 24h ago on Oct 1, 2026· 18m 50s· 4 players
Game mode
Random Map
Map size
Medium (4 player)
Population
200
Speed
Normal
Resources
Standard
Victory
Conquest
Starting age
Dark Age
Ending age
Imperial Age
RankedLock teamsTeams togetherTeam positionsShared explorationLock speedFull tech treeHidden civsTurbo modeCheats
Victory
Defeat
🇺🇸 Sicilians · United States
1049
+14
🇺🇸 Sicilians · United States
1023
+14
🇩🇪 Chinese · Germany
1000
-42
🇮🇪 Khmer · Ireland
1000
-42
Kool Aid Kid
10:01 Feudal Age
9:04 Loom
14:24 Forging
reemsauce
11:25 Feudal Age
12:04 Stone Mining
13:29 Horse Collar
18:33 Scale Mail Armor
zentrike121
3:07 Loom
12:16 Feudal Age
12:54 Horse Collar
13:39 Double-Bit Axe
16:20 Gold Mining
Bugemann
0:33 Loom
12:10 Feudal Age
16:02 Horse Collar
16:19 Gold Mining
Connection lost

Rejoining the realm…

Still unreachable

The connection could not be restored.

Session expired

The server has moved on; the page needs a fresh start.